 Dungeon Crawl Stone Soup version 0.18-a0-1692-g516f9e9 (webtiles) character file.

21393 4thArraOfDagon the Severer (level 12, -11/121 HPs)
             Began as a Hill Orc Gladiator on Apr 5, 2016.
             Was a High Priest of the Shining One.
             Mangled by a white ugly thing (23 damage)
             ... on level 11 of the Dungeon.
             The game lasted 00:37:24 (6692 turns).

4thArraOfDagon the Severer (Hill Orc Gladiator)     Turns: 6692, Time: 00:37:26

Health: -11/121    AC: 11    Str: 19    XL:     12   Next: 89%
Magic:  21/29      EV: 12    Int: 12    God:    the Shining One [*****.]
Gold:   484        SH: 12    Dex: 15    Spells: 0 memorised, 11 levels left

rFire  . . .     SeeInvis .     O - +2 hand axe (flame)
rCold  . . .     Gourm    .     H - +0 troll leather armour
rNeg   + + .     Faith    .     (no shield)
rPois  .         Spirit   .     c - +0 helmet
rElec  .         Dismiss  .     (no cloak)
rCorr  .         Reflect  .     L - +0 pair of gloves
SustAt .         Harm     .     e - +1 pair of boots
MR     .....     Clarity  +     (no amulet)
Stlth  +.........               (no ring)
                                M - ring of magical power

@: divine shield, very slightly contaminated, slowed, glowing, very slow, not
resistant to hostile enchantments, very unstealthy
A: thin skeletal structure 1, agile 1, clarity, robust 1, wild magic 1
a: Divine Shield, Cleansing Flame, Summon Divine Warrior, Renounce Religion


You were on level 11 of the Dungeon.
You worshipped the Shining One.
The Shining One was extremely pleased with you.
You were hungry.

You visited 1 branch of the dungeon, and saw 15 of its levels.
You also visited: Ossuary.

You collected 646 gold pieces.
You spent 162 gold pieces at shops.

Inventory:

Hand Weapons
 a - a +0 war axe
 d - a +0 giant spiked club
 C - a +2 war axe
 O - a +2 hand axe of flaming (weapon)
Armour
 c - a +0 helmet (worn)
 e - a +1 pair of boots (worn)
 H - a +0 troll leather armour (worn)
 L - a +0 pair of gloves (worn)
 Y - a +2 plate armour of cold resistance
Jewellery
 M - a ring of magical power (left hand)
Wands
 i - a wand of polymorph (0/24)
 k - a wand of flame (29/48)
 n - a wand of lightning (9/15)
 p - a wand of flame (10/48)
 r - a wand of lightning (0/15)
 s - a wand of iceblast (0/15)
 w - a wand of hasting (4/9)
 x - a wand of disintegration (16/24)
 y - a wand of iceblast (5/15)
 z - a wand of random effects (37/48)
 J - a wand of teleportation (2/9)
 K - a wand of flame (35/48)
 N - a wand of iceblast (9/15)
 R - a wand of disintegration (13/24)
Scrolls
 b - 2 scrolls of remove curse
 q - a scroll of torment {unknown}
 v - 2 scrolls of blinking
 S - a scroll of acquirement {unknown}
 T - a scroll of identify
 U - a scroll of magic mapping
 V - a scroll of enchant armour
Potions
 g - 4 potions of invisibility
 h - a potion of might {unknown}
 j - 2 potions of agility {unknown}
 u - 2 potions of berserk rage
 B - a potion of degeneration
 D - a potion of brilliance {unknown}
 E - 2 potions of ambrosia {unknown}
 F - a potion of curing
 G - a potion of flight {unknown}
 W - a potion of resistance {unknown}
 X - 2 potions of cure mutation {unknown}
Miscellaneous
 l - a plain deck of summoning {drawn: 3}
 A - a phantom mirror
Comestibles
 f - 5 bread rations
 m - 3 meat rations
 o - 3 chunks of flesh
 t - a royal jelly
 I - a beef jerky
 P - 12 fruits
 Q - 5 slices of pizza


   Skills:
 + Level 11.4 Fighting
 * Level 16.9 Axes
 - Level 1.7 Throwing
 + Level 10.6 Armour
 - Level 2.4 Dodging
 + Level 11.4 Invocations


You had 11 spell levels left.
You didn't know any spells.

Dungeon Overview and Level Annotations

Branches:
Dungeon (15/15)              Lair (0/8) D:8
 Temple: D:4-7          Orc: D:9-12      Vaults: D:13-14     Depths: D:15

Altars:
Ashenzari
Nemelex Xobeh
Pakellas
The Shining One

Shops:
D:7 ?   D:8 [   D:12 =   D:13 *

Annotations:
D:5 Eustachio
D:11 Fannar
D:12 Kirke; Nessos; killme's ghost, journeyman DsWn


Innate Abilities, Weirdness & Mutations

You have a somewhat thin skeletal structure (Dex +2, Stealth).
You are agile. (Dex +2)
You possess an exceptional clarity of mind.
You are robust (+10% HP).
Your spells are a little harder to cast, but a little more powerful.


Message History

The white ugly thing gurgles horribly!
A crimson imp comes into view.
The crimson imp grins evilly.
Found a slice of pizza.
Found an escape hatch in the ceiling.
Found a stone staircase leading up.
There is a stone staircase leading down here.
Unknown command.
Unknown command.
Drink which item? (? for menu, Esc to quit)
You feel better.
You feel yourself slow down.
The worker ant barely misses you. x2; The crimson imp blinks!
Unknown command.
Unknown command.
You are momentarily dazzled by a brilliant light.
You are feeling hungry.
You block the worker ant's attack. The white ugly thing bites you.
* * * LOW HITPOINT WARNING * * *
The white ugly thing freezes you!!
You die...

#}.......#
#......
#........#
#......
#........#
#......
##+#######
######. #.
###### #.....
##########+##
......
.<.....a@...#
......
...<...u....#
.#....
.........A..#
#....
............+
###..
...%..5.....#
( #..
............#
####..
............#
≈≈≈≈..
#############
###.. #..


You could see a white ugly thing, a worker ant, a crimson imp and a friendly
daeva.

Vanquished Creatures
  Agnes (D:14)
  3 hydras
  A centaur warrior (D:14)
  5 unseen horrors
  A hill giant (D:14)
  2 ugly things
  A komodo dragon (D:10)
  2 trolls
  A slime creature (D:9)
  A polar bear (D:12)
  A two-headed ogre (D:8)
  8 yaks
  A water elemental (D:12)
  A hog (D:12)
  A wyvern (D:11)
  3 hippogriffs
  3 vampire mosquitoes (D:13)
  2 water moccasins
  5 orc warriors
  3 ice beasts
  2 sky beasts
  A wasp (D:11)
  3 eyes of draining
  An ogre (D:9)
  A wolf (D:13)
  2 necrophages
  2 phantoms
  6 centaurs
  A crocodile (D:10)
  7 big kobolds
  10 giant frogs
  A wyvern zombie (D:9)
  A water moccasin zombie (D:9)
  A wyvern skeleton (D:10)
  5 scorpions
  10 wights
  6 killer bees
  3 howler monkeys (D:7)
  3 centaur zombies
  A wyvern simulacrum (D:12)
  4 crimson imps
  A giant frog skeleton (D:11)
  3 hounds
  A human zombie (Ossuary)
  4 orc priests
  8 jellies
  10 orc wizards
  A centaur skeleton (D:9)
  3 iguanas
  6 worker ants
  2 sheep (D:9)
  2 big kobold zombies (Ossuary)
  A hound zombie (D:6)
  2 mummies (Ossuary)
  4 adders
  2 shadow imps
  An ufetubus (D:13)
  11 oozes (D:9)
  An adder skeleton (D:9)
  A dart slug (D:2)
  A giant gecko (D:3)
  29 orcs
  5 bats
  3 giant cockroaches
  A gnoll zombie (Ossuary)
  3 goblins
  5 hobgoblins
  4 jackals (D:6)
  6 quokkas
  A ball python (D:6)
  5 giant newts
  2 goblin zombies (Ossuary)
  2 hobgoblin zombies (Ossuary)
  A jackal skeleton (D:4)
  18 kobolds
  5 orc zombies (Ossuary)
  A quokka skeleton (D:6)
  2 rats (D:2)
275 creatures vanquished.

Vanquished Creatures (collateral kills)
  Maud (D:14)
  Urug (D:12)
  An unseen horror (D:14)
  5 ugly things (D:14)
  A manticore (D:14)
  A centaur skeleton (D:14)
  A gargoyle (D:14)
  A troll (D:10)
  A two-headed ogre (D:13)
  An orc warrior (D:13)
  An ogre (D:13)
  An electric eel (D:12)
  3 jellies (D:9)
  A worker ant (D:14)
  A centaur simulacrum (D:12)
  2 oozes (D:9)
  An orc (D:13)
  A quokka (D:9)
25 creatures vanquished.

Vanquished Creatures (others)
  5 fungi (D:9)
5 creatures vanquished.

Grand Total: 305 creatures vanquished

Notes
Turn   | Place    | Note
--------------------------------------------------------------
     0 | D:1      | 4thArraOfDagon the Hill Orc Gladiator began the quest for the Orb.
     0 | D:1      | Reached XP level 1. HP: 18/18 MP: 1/1
     0 | D:1      | Found an oddly glowing altar of Pakellas.
    69 | D:1      | Reached skill level 1 in Armour
    69 | D:1      | Reached XP level 2. HP: 14/25 MP: 2/2
   177 | D:2      | Found a glowing golden altar of the Shining One.
   184 | D:2      | Became a worshipper of the Shining One
   315 | D:3      | Found a sparkling altar of Nemelex Xobeh.
   330 | D:3      | Reached XP level 3. HP: 17/30 MP: 3/3
   678 | D:4      | Found a sand-covered staircase.
   719 | Ossuary  | Entered an ossuary
   746 | Ossuary  | Reached skill level 5 in Axes
   746 | Ossuary  | Reached XP level 4. HP: 20/38 MP: 4/4
   758 | Ossuary  | Reached * piety under the Shining One
   758 | Ossuary  | Reached XP level 5. HP: 25/45 MP: 5/5
   806 | Ossuary  | Reached skill level 6 in Axes
   944 | D:4      | Found an oddly glowing altar of Pakellas.
   975 | D:5      | Entered Level 5 of the Dungeon
   981 | D:5      | Reached XP level 6. HP: 48/52 MP: 6/6
  1006 | D:4      | Reached ** piety under the Shining One
  1183 | D:5      | Reached skill level 7 in Axes
  1217 | D:5      | Reached XP level 7. HP: 30/60 MP: 7/7
  1269 | D:5      | Noticed Eustachio
  1380 | D:6      | Reached skill level 8 in Axes
  1394 | D:6      | Reached skill level 1 in Invocations
  1533 | D:6      | Reached skill level 5 in Fighting
  1758 | D:7      | Got a smelly chain mail
  1779 | D:7      | Identified the +1 chain mail "Tac Vuet" {MP-9 Str+5} (You found it on level 7 of the Dungeon)
  1797 | D:6      | Reached *** piety under the Shining One
  1809 | D:8      | Found Kamonack's Armour Shoppe.
  1840 | D:8      | Reached XP level 8. HP: 61/67 MP: 0/9
  1847 | D:8      | Found a staircase to the Lair.
  1892 | D:8      | Noticed a two-headed ogre
  1902 | D:8      | Killed a two-headed ogre
  1902 | D:8      | Reached skill level 9 in Axes
  1902 | D:8      | Reached skill level 5 in Armour
  2259 | D:9      | Reached skill level 10 in Axes
  2294 | D:9      | Found a sparkling altar of Nemelex Xobeh.
  2296 | D:9      | Reached XP level 9. HP: 17/77 MP: 3/12
  2309 | D:9      | Reached skill level 5 in Invocations
  2400 | D:10     | Entered Level 10 of the Dungeon
  2411 | D:10     | Reached **** piety under the Shining One
  2545 | D:10     | Noticed a troll
  2577 | D:9      | Reached skill level 11 in Axes
  2733 | D:10     | Killed a troll
  2749 | D:10     | Noticed a komodo dragon
  2792 | D:9      | Gained mutation: Your spells are a little harder to cast, but a little more powerful. [potion of mutation]
  2792 | D:9      | Gained mutation: You are agile. (Dex +2) [potion of mutation]
  3144 | D:10     | Noticed an unseen horror
  3154 | D:10     | Killed an unseen horror
  3154 | D:10     | Reached skill level 12 in Axes
  3154 | D:10     | Reached XP level 10. HP: 56/87 MP: 4/15
  3325 | D:8      | Gained mutation: You have a somewhat thin skeletal structure (Dex +2, Stealth). [mutagenic meat]
  3326 | D:8      | Gained mutation: You can translocate small distances at will. [mutagenic meat]
  3327 | D:8      | Gained mutation: You possess an exceptional clarity of mind. [mutagenic meat]
  3328 | D:8      | Lost mutation: You can translocate small distances at will. [mutagenic meat]
  3364 | D:7      | Reached skill level 13 in Axes
  3421 | D:7      | Found Muphez's Magic Scroll Boutique.
  3430 | D:7      | Bought a scroll of enchant armour for 97 gold pieces
  3430 | D:7      | Bought a scroll of identify for 26 gold pieces
  3430 | D:7      | Bought a scroll of teleportation for 39 gold pieces
  3860 | D:9      | Noticed a three-headed hydra
  3867 | D:9      | Killed a one-headed hydra
  3922 | D:9      | Noticed an unseen horror
  3940 | D:9      | Killed an unseen horror
  3940 | D:9      | Reached skill level 14 in Axes
  3940 | D:9      | Reached XP level 11. HP: 47/96 MP: 17/17
  4079 | D:11     | Got an ancient ring mail
  4107 | D:11     | Identified the +0 ring mail of Happiness {MP-9 Dex+7 Stlth+} (You found it on level 11 of the Dungeon)
  4171 | D:11     | Noticed an unseen horror
  4215 | D:11     | Killed an unseen horror
  4253 | D:11     | Noticed Fannar
  4348 | D:11     | Noticed an unseen horror
  4348 | D:11     | Reached ***** piety under the Shining One
  4367 | D:11     | Killed an unseen horror
  4645 | D:11     | Noticed a hill giant
  4787 | D:10     | Reached skill level 10 in Fighting
  5072 | D:12     | Noticed an unseen horror
  5072 | D:12     | a mottled dragon changed into an unseen horror
  5084 | D:12     | Killed an unseen horror
  5084 | D:12     | Reached skill level 15 in Axes
  5159 | D:12     | Noticed Sonja
  5162 | D:12     | Noticed Sonja
  5162 | D:12     | Sonja changed into Sonja the sky beast
  5174 | D:12     | Killed Sonja the sky beast
  5216 | D:12     | Noticed Urug
  5304 | D:13     | Found Ugiahap's Assorted Antiques.
  5346 | D:14     | Found a shattered altar of Ashenzari.
  5349 | D:14     | Noticed a cyclops
  5371 | D:14     | You fall through a shaft!
  5371 | D:15     | Entered Level 15 of the Dungeon
  5372 | D:15     | :(
  5373 | D:15     | Noticed a deep elf mage
  5496 | D:15     | Noticed a fire crab
  5500 | D:14     | Noticed a cyclops
  5574 | D:14     | Noticed Maud
  5613 | D:14     | Noticed Agnes
  5620 | D:14     | Noticed a brown ugly thing
  5621 | D:14     | Noticed a brown ugly thing
  5622 | D:14     | Noticed a brown ugly thing
  5623 | D:14     | Noticed a centaur warrior
  5638 | D:14     | Killed a centaur warrior
  5638 | D:14     | Reached skill level 10 in Invocations
  5654 | D:14     | Gained mutation: You are robust (+10% HP). [potion of mutation]
  5753 | D:14     | Killed Maud
  5753 | D:14     | Reached XP level 12. HP: 66/116 MP: 19/19
  5856 | D:14     | Killed Agnes
  5866 | D:14     | Reached skill level 16 in Axes
  5910 | D:14     | Reached skill level 10 in Armour
  5987 | D:13     | Noticed a seven-headed hydra
  6006 | D:13     | Killed a one-headed hydra
  6124 | D:12     | Noticed Nessos
  6131 | D:12     | Noticed Nessos
  6131 | D:12     | Nessos changed into Nessos the shock serpent
  6235 | D:12     | Noticed killme's ghost (journeyman DsWn)
  6316 | D:13     | Noticed a five-headed hydra
  6324 | D:13     | Killed a one-headed hydra
  6587 | D:12     | Killed Urug
  6657 | D:12     | Found Uthepn's Jewellery Boutique.
  6658 | D:12     | Noticed Kirke
  6688 | D:12     | HP: 3/121 [worker ant (7)]
  6692 | D:11     | Mangled by a white ugly thing

Vault maps used:
D:1:      sevenhm_arrival_forest_fort_small_6, serial_forest,
          infiniplex_forest_lined_2, infiniplex_forest_corner_1,
          infiniplex_forest_straight_4, infiniplex_forest_straight_4,
          infiniplex_forest_lined_3, infiniplex_forest_corner_1,
          infiniplex_forest_clump_C, infiniplex_forest_clump_C,
          infiniplex_forest_lined_1
D:2:      nicolae_overflow_crystal_walls, overflow_temple_1_default,
          nicolae_overflow_hidden_temple, nicolae_ru_path_of_blood
D:3:      serial_curves, eino_curves_02, eino_curves_03, nemelex_deck
D:4:      lemuel_doored_altar, first_bread, chequers_ossuary_entry_cave
D:5:      temple_hall, nemelex_lonely_heart_becter, uniq_eustachio
D:7:      serial_shops, shop
D:8:      lair_0_dummy, serial_shops, shop
D:9:      lemuel_slime, old_standard_altar, hangedman_ranch
D:11:     grunt_decor_cap, uniq_fannar
D:12:     serial_shops, shop, serial_ice, serial_ice_o, serial_ice_j,
          serial_ice_a, serial_ice_g, uniq_kirke, uniq_nessos, uniq_sonja,
          uniq_urug
D:13:     lightli_vaults_fourway_checkpoint, serial_shops, shop, serial_glass,
          glass_columns_a, glass_columns_b
D:14:     evilmike_ruin_ashenzari, gammafunk_pakellas_cloud_experiment,
          uniq_maud, uniq_azrael, uniq_agnes
D:15:     grunt_enter_depths_hoard, hangedman_decor_slide_cut
Ossuary:  minmay_ossuary_gauntlet

Skill      XL: |  1  2  3  4  5  6  7  8  9 10 11 12 |
---------------+-------------------------------------+-----
Armour         | 1 2 3 4 5 7 8 9 10 | 10.6
Fighting       | 3 4 5 6 7 9 10 11 | 11.4
Axes           | 5 6 7 8 10 12 14 15 16 | 16.9
Invocations    | 2 4 7 8 10 11 | 11.4
Throwing       | |  1.7
Dodging        | |  2.4

Action                   |  1- 3 |  4- 6 |  7- 9 | 10-12 || total
-------------------------+-------+-------+-------+-------++-------
Melee: War axe           |    95 |    98 |   242 |   160 ||   595
       Hand axe          |       |       |       |   526 ||   526
Throw: Throwing net      |       |     5 |     2 |       ||     7
Invok: Divine Shield     |       |       |       |     8 ||     8
       Summon Divine War |       |       |       |     5 ||     5
Evoke: Wand              |     1 |       |    14 |    13 ||    28
       Deck              |     1 |       |     2 |       ||     3
  Use: Scroll            |     4 |       |     9 |    14 ||    27
       Potion            |       |       |     1 |     5 ||     6
 Stab: Held in net/web   |       |     1 |       |       ||     1
  Eat: Chunk             |       |     1 |     4 |    18 ||    23
       Fruit             |       |       |     4 |       ||     4
       Pizza             |       |       |     1 |     1 ||     2
